 Dungeon Crawl Stone Soup version 0.17-a0-1403-g9df874c (webtiles) character file.

26370 Jon2 the Swashbuckler (level 12, -1/58 HPs)
             Began as a Spriggan Abyssal Knight on June 19, 2015.
             Was the Champion of Lugonu.
             Shot with an arrow by a centaur warrior (28 damage)
             ... summoned by a vault guard
             ... on level 14 of the Dungeon on June 21, 2015.
             The game lasted 01:33:46 (13829 turns).

Jon2 the Swashbuckler (Spriggan Abyssal Knight)    Turns: 13829, Time: 01:33:46

Health: -1/58      AC: 10    Str:  8    XL:     12   Next: 97%
Magic:  15/15      EV: 29    Int: 13    God:    Lugonu [******]
Gold:   621        SH:  0    Dex: 23    Spells: 0 memorised, 11 levels left

rFire  . . .     SeeInvis +     a - +1 short sword (flame)
rCold  + . .     Rnd*Rage +     N - +0 mottled dragon armour
rNeg   . . .     SustAt   .     (shield restricted)
rPois  .         Gourm    .     u - +1 hat
rElec  +         Spirit   .     Q - +0 cloak
rCorr  .         Warding  .     (gloves unavailable)
rMut   .         Stasis   .     (boots unavailable)
MR     ++...                    r - amulet of regeneration
Stlth  +++++++...               U - ring of protection from cold
                                p - +1 ring of protection

@: very quick, very resistant to hostile enchantments, extremely stealthy
A: unfitting armour, see invisible, agile 1, berserk 1, breathe flames 1,
herbivore 3, speed 3, high mp 1, electricity resistance, slow healing 1, slow
metabolism 2
a: Depart the Abyss, Bend Space, Banish, Corrupt, Enter the Abyss, Renounce
Religion, Breathe Fire


You were on level 14 of the Dungeon.
You worshipped Lugonu.
Lugonu was exalted by your worship.
You were not hungry.

You visited 2 branches of the dungeon, and saw 15 of its levels.
You visited the Abyss 1 time.
You also visited: Sewer, Ossuary and Ice Cave.

You collected 801 gold pieces.
You spent 180 gold pieces at shops.

Inventory:

Hand weapons
 a - a +1 short sword of flaming (weapon)
 b - a +0 short sword of draining
 f - a +3 dagger of distortion
 v - a +0 mace of draining
 K - a +2 demon blade of electrocution
Armour
 e - a +0 cloak
 j - a +1 buckler
 o - a +1 troll leather armour of cold resistance
 u - a +1 hat (worn)
 z - a +0 robe
 F - a +0 buckler
 N - a +0 mottled dragon armour (worn)
 Q - a +0 cloak (worn)
Jewellery
 p - a +1 ring of protection (left hand)
 r - an amulet of regeneration (around neck)
 E - an uncursed ring of teleportation
 J - an uncursed ring of protection from magic {unknown}
 L - an uncursed ring of magical power
 R - an uncursed ring of fire
 U - a ring of protection from cold (right hand)
Magical devices
 l - a wand of frost (30)
 m - a wand of slowing (4)
 q - a wand of teleportation (2)
 t - a wand of digging (11)
 A - a wand of disintegration (11)
 B - a wand of magic darts (21)
 H - a wand of fire (7)
 O - a wand of slowing (25)
 S - a wand of digging (18)
 V - a wand of flame (21)
Scrolls
 d - 2 scrolls of magic mapping
 h - 6 scrolls of recharging
 i - 4 scrolls of identify
 n - 4 scrolls of remove curse
 y - 2 scrolls of fear
 D - a scroll of fog
 G - a scroll of brand weapon
 I - a scroll of enchant weapon
 M - a scroll of blinking
Potions
 g - a potion of lignification
 k - a potion of brilliance
 s - 2 potions of curing
 x - a potion of flight
Books
 w - Sif Muna's Grimoire of Creative Black Magic
   (You found it on level 5 of the Dungeon)

   Spells                             Type                      Level
   a - Animate Skeleton               Necromancy                   1
   b - Sublimation of Blood           Necromancy                   2
   c - Call Imp                       Summoning                    2
   d - Agony                          Necromancy                   5
   e - Dispel Undead                  Necromancy                   5
   f - Summon Forest                  Summoning/Translocation      5
 C - a book of Beasts

   Spells                             Type                      Level
   a - Summon Butterflies             Summoning                    1
   b - Call Canine Familiar           Summoning                    3
   c - Summon Ice Beast               Ice/Summoning                4
   d - Summon Mana Viper              Hexes/Summoning              5
   e - Summon Hydra                   Summoning                    7
Comestibles
 c - 9 bread rations
 T - a royal jelly


   Skills:
 - Level 3.8 Fighting
 * Level 15.6 Short Blades
 * Level 4.9 Armour
 - Level 11.9 Dodging
 + Level 14.1 Stealth
 + Level 5.5 Shields
 - Level 1.7 Invocations


You had 11 spell levels left.
You didn't know any spells.

Dungeon Overview and Level Annotations

Branches:
Dungeon (14/15)            Temple (1/1) D:5            Lair (0/8) D:11
    Orc (0/4) D:12         Vaults (0/5) D:14

Altars:
Ashenzari
Cheibriados
Dithmenos
Elyvilon
Fedhas
Gozag
Kikubaaqudgha
Makhleb
Nemelex Xobeh
Okawaru
Qazlal
Ru
Sif Muna
Trog
Vehumet
Xom
Yredelemnul
Zin
The Shining One

Shops:
D:9 ?   D:10 (

Annotations:
D:3 Jon2's ghost, average FoAK
D:7 Duvessa
D:13 Frances
Abyss:1 Ijyb; Menkaure; Psyche


Innate Abilities, Weirdness & Mutations

You are tiny and cannot use many weapons and most armour.
You have supernaturally acute eyesight.
You are a herbivore.
You cover ground extremely quickly.
You need consume almost no food.
You are agile. (Dex +2)
You tend to lose your temper in combat.
You can breathe flames.
You have an increased reservoir of magic (+10% MP).
You are resistant to electric shocks.
You heal slowly when monsters are visible.


Message History

A four-headed hydra comes into view.
The four-headed hydra moves out of view.
The hippogriff completely misses you. x3
You hit the hippogriff.
Space bends around the hippogriff.
The hippogriff is lightly wounded.
The hippogriff completely misses you. The hippogriff barely misses you.
The hippogriff misses you.
You barely miss the hippogriff.
The hippogriff is lightly wounded.
You hit the hippogriff.
The hippogriff is moderately wounded.
The hippogriff blinks!
Wield which item (- for none, * to show all)? (? for menu, Esc to quit)
Lugonu absorbs the residual spatial distortion as you unwield your weapon.
It bursts into flame!
a - a +1 short sword of flaming (weapon)
The centaur warrior shoots an arrow.
The arrow hits you!
The arrow dissolves into shadows!
The centaur warrior shoots an arrow.
The arrow hits you!!
You die...

......#....... #c.# #......
......#....... #..# #..####
......#....... #..# #..#...
......+....... #(.# #..#...
......#....H.. #..######..#...
......#....... #..........####
......#.....D.#####c.............
......+..........................
......#.........@................
#.....#...#####......#####.......
#.....#. ######.#...#.......
#.....# .# #.#...#....... #.....#
..# #.#...#..###+# #.....#...#
#.#...#..#.... #...†.'...#
#.#...#.[#.... #.....#...#
######.#...#..#.... ......#.....
........###'#..#....


You could see a four-headed hydra, a centaur warrior and a hippogriff.

Vanquished Creatures
  A vault guard (D:14)
  2 ice statues (IceCv)
  3 hill giants
  3 unseen horrors
  2 ugly things
  A centaur zombie (D:11)
  2 cyclopes
  3 trolls
  A two-headed ogre (D:10)
  5 blue devils (IceCv)
  10 slime creatures
  A spriggan (D:7)
  A deep elf fighter (D:11)
  2 deep elf magi
  A vampire (D:13)
  2 vampire mosquitoes (D:14)
  A yak (shapeshifter) (D:13)
  10 yaks
  Grum (D:11)
  5 hungry ghosts
  A wolf (D:11)
  A mottled dragon (D:11)
  A water moccasin (D:8)
  2 orc warriors
  3 black bears
  Purgy (Sewer)
  3 sky beasts
  4 ogres
  2 phantoms
  A boggart (D:14)
  8 ice beasts
  4 centaurs
  2 crocodiles
  A big kobold (D:10)
  An elf zombie (Ossuary)
  7 giant frogs
  A brain worm (shapeshifter) (D:14)
  5 scorpions
  15 killer bees
  A wyvern skeleton (D:10)
  Dowan (D:7)
  11 wights
  2 troll zombies (D:12)
  3 giant frog zombies
  4 hounds
  A human zombie (Ossuary)
  A jelly (D:9)
  A centaur skeleton (D:8)
  3 iguanas
  7 orc wizards
  9 orc priests
  5 worker ants
  A killer bee zombie (D:11)
  4 sheep (D:14)
  2 ogre zombies (D:12)
  2 mummies (Ossuary)
  2 gnolls (D:9)
  9 adders
  3 shadow imps
  7 white imps (IceCv)
  4 ufetubi (IceCv)
  3 oozes
  An adder skeleton (D:5)
  2 worms (D:2)
  5 giant geckos
  33 orcs
  3 ball pythons
  17 bats
  A bat skeleton (D:4)
  7 giant cockroaches
  10 goblins
  6 hobgoblins
  21 jackals
  3 quokkas
  A giant gecko skeleton (D:5)
  11 giant newts
  7 goblin zombies
  2 hobgoblin skeletons (D:12)
  9 hobgoblin zombies (Ossuary)
  19 kobolds
  14 kobold zombies (Ossuary)
  4 orc skeletons (D:12)
  13 orc zombies
  29 rats
  A rat zombie (Ossuary)
425 creatures vanquished.

Vanquished Creatures (collateral kills)
  A giant frog (D:8)
1 creature vanquished.

Vanquished Creatures (others)
  A vault guard (D:14)
  A hydra (D:13)
  An ice devil (IceCv)
  2 hill giants
  A wolf spider zombie (D:13)
  A cyclops (D:14)
  A centaur zombie (D:10)
  4 blue devils (IceCv)
  A troll (D:9)
  A two-headed ogre (D:8)
  2 slime creatures
  A trapdoor spider (D:11)
  3 yaks
  A hungry ghost (D:13)
  A steam dragon (D:12)
  An ice beast (D:10)
  A boggart (D:14)
  A centaur (D:5)
  An elf zombie (Ossuary)
  A giant frog (D:13)
  A big kobold (D:8)
  3 wights
  3 killer bees
  A troll zombie (D:12)
  2 orc priests
  An iguana (D:5)
  A worker ant (D:4)
  A gnoll (D:9)
  A river rat (D:11)
  3 white imps (IceCv)
  3 ufetubi (IceCv)
  An adder zombie (Ossuary)
  A worm (D:3)
  A goblin (D:3)
  A hobgoblin (D:5)
  A jackal (D:8)
  An orc zombie (D:12)
  A rat (D:3)
54 creatures vanquished.

Grand Total: 480 creatures vanquished

Notes
Turn   | Place    | Note
--------------------------------------------------------------
     0 | Abyss:1  | Jon2 the Spriggan Abyssal Knight began the quest for the Orb.
     0 | Abyss:1  | Reached XP level 1. HP: 11/11 MP: 3/3
     2 | Abyss:1  | Found a corrupted altar of Lugonu.
    13 | Abyss:1  | Found a corrupted altar of Lugonu.
    70 | Abyss:1  | Noticed a chaos spawn
   123 | D:1      | Escaped the Abyss
   215 | D:1      | Reached XP level 2. HP: 11/16 MP: 4/4
   463 | D:1      | Reached skill level 4 in Dodging
   579 | D:1      | Reached skill level 1 in Stealth
   958 | D:1      | Reached XP level 3. HP: 5/19 MP: 5/5
  1382 | D:2      | Acquired Lugonu's second power
  1901 | D:3      | Reached XP level 4. HP: 23/23 MP: 6/6
  2163 | D:3      | Found an iron altar of Okawaru.
  2206 | D:3      | Noticed Ijyb
  2347 | D:3      | Acquired Lugonu's third power
  2375 | D:3      | Noticed Jon2's ghost (average FoAK)
  2767 | D:3      | Found a blossoming altar of Fedhas.
  2873 | D:3      | Banished Ijyb
  3356 | D:4      | Reached XP level 5. HP: 28/28 MP: 7/7
  3420 | D:4      | Found an opulent altar of Gozag.
  3423 | D:4      | Found a blossoming altar of Fedhas.
  3426 | D:4      | Found a shimmering altar of Xom.
  3754 | D:5      | Entered Level 5 of the Dungeon
  3851 | D:5      | Found a sand-covered staircase.
  3855 | Ossuary  | Entered an ossuary
  3983 | Ossuary  | Acquired Lugonu's fourth power
  4008 | Ossuary  | Reached skill level 5 in Short Blades
  4008 | Ossuary  | Reached skill level 5 in Dodging
  4008 | Ossuary  | Reached XP level 6. HP: 27/32 MP: 8/8
  4182 | D:5      | Found a staircase to the Ecumenical Temple.
  4184 | D:5      | Noticed an ice beast
  4201 | D:5      | Killed an ice beast
  4201 | D:5      | Reached XP level 7. HP: 36/36 MP: 9/9
  4235 | D:5      | Reached skill level 6 in Short Blades
  4301 | D:5      | Noticed an ogre
  4301 | D:5      | Identified Sif Muna's Grimoire of Creative Black Magic (You found it on level 5 of the Dungeon)
  4312 | D:5      | Killed an ogre
  4312 | D:5      | Reached skill level 5 in Stealth
  4446 | D:5      | Found a glowing drain.
  4460 | Sewer    | Entered a sewer
  4542 | Sewer    | Noticed Purgy
  4554 | Sewer    | Killed Purgy
  4570 | Sewer    | Acquired Lugonu's fifth power
  4675 | D:5      | Noticed a centaur
  4680 | D:5      | Banished a centaur
  4731 | D:5      | Noticed a centaur
  4751 | D:5      | Reached skill level 1 in Shields
  4797 | D:5      | Killed a centaur
  4797 | D:5      | Reached skill level 7 in Short Blades
  4921 | Temple   | Entered the Ecumenical Temple
  5115 | D:6      | Reached XP level 8. HP: 42/42 MP: 10/10
  5520 | D:7      | Reached skill level 8 in Short Blades
  5524 | D:7      | Gained mutation: You are resistant to electric shocks. [potion of mutation]
  5524 | D:7      | Gained mutation: You can breathe flames. [potion of mutation]
  5524 | D:7      | Gained mutation: You heal slowly when monsters are visible. [potion of mutation]
  5525 | D:7      | Gained mutation: You are agile. (Dex +2) [potion of mutation]
  5525 | D:7      | Gained mutation: You have an increased reservoir of magic (+10% MP). [potion of mutation]
  5525 | D:7      | Gained mutation: You tend to lose your temper in combat. [potion of mutation]
  5811 | D:7      | Noticed Duvessa
  5829 | D:7      | Noticed Dowan
  5831 | D:7      | Killed Dowan
  5881 | D:7      | Noticed Menkaure
  5887 | D:7      | Banished Menkaure
  5971 | D:7      | Found an ancient bone altar of Kikubaaqudgha.
  5974 | D:7      | Found a burning altar of Makhleb.
  5976 | D:7      | Found a glowing golden altar of the Shining One.
  6061 | D:7      | Reached skill level 9 in Short Blades
  6061 | D:7      | Reached XP level 9. HP: 45/45 MP: 12/12
  6536 | D:8      | Reached skill level 10 in Short Blades
  6919 | D:8      | Upgraded the game from 0.17-a0-1399-gd5b76e1 to 0.17-a0-1403-g9df874c
  7119 | D:9      | Reached skill level 10 in Dodging
  7129 | D:9      | Reached skill level 11 in Short Blades
  7155 | D:9      | Reached XP level 10. HP: 49/49 MP: 13/13
  7372 | D:9      | Found Tyskalus's Magic Scroll Shop.
  7380 | D:9      | Bought a scroll of enchant weapon for 90 gold pieces
  7656 | D:10     | Entered Level 10 of the Dungeon
  7803 | D:10     | Noticed an unseen horror
  7843 | D:10     | Noticed a hill giant
  7912 | D:10     | Found Qusiruri's Antique Weapon Shoppe.
  7999 | D:10     | Reached skill level 12 in Short Blades
  8099 | D:10     | Reached skill level 10 in Stealth
  8570 | D:10     | Killed an unseen horror
  8688 | D:11     | Noticed Psyche
  8899 | D:9      | Bought a scroll of enchant armour for 90 gold pieces
  9142 | D:11     | Reached XP level 11. HP: 53/53 MP: 14/14
  9169 | D:11     | Noticed a red ugly thing
  9216 | D:11     | Killed a red ugly thing
  9381 | D:11     | Banished Psyche
  9393 | D:11     | Reached skill level 13 in Short Blades
  9402 | D:11     | Reached skill level 1 in Armour
  9421 | D:11     | Noticed Grum
  9429 | D:11     | Noticed a hill giant
  9464 | D:11     | Killed a hill giant
  9499 | D:11     | Killed Grum
  9683 | D:11     | Found a staircase to the Lair.
 10268 | D:12     | Found a staircase to the Orcish Mines.
 10652 | D:12     | Noticed a hill giant
 10797 | D:12     | Banished a hill giant
 11026 | D:12     | Reached skill level 14 in Short Blades
 11345 | D:13     | Noticed a hill giant
 11354 | D:13     | Killed a hill giant
 11467 | D:13     | Noticed a hill giant
 11473 | D:13     | Noticed a hill giant
 11476 | D:13     | Killed a hill giant
 11496 | D:13     | Reached XP level 12. HP: 39/58 MP: 15/15
 11542 | D:13     | Banished a hill giant
 11687 | D:13     | Noticed Frances
 11854 | D:13     | Noticed a four-headed hydra
 11905 | D:13     | Banished a four-headed hydra
 12159 | D:14     | Noticed a centaur warrior
 12242 | D:14     | Found a gate to the Vaults.
 12242 | D:14     | Noticed a vault guard
 12242 | D:14     | Noticed a vault guard
 12242 | D:14     | Noticed a vault guard
 12242 | D:14     | Noticed a vault guard
 12242 | D:14     | Noticed a vault guard
 12244 | D:14     | Noticed a vault guard
 12244 | D:14     | Noticed a vault guard
 12309 | D:14     | Noticed a vault guard
 12318 | D:14     | Banished a vault guard
 12328 | D:14     | Killed a vault guard
 12561 | D:14     | Reached skill level 5 in Shields
 12583 | D:14     | Found a frozen archway.
 12614 | D:14     | Reached skill level 15 in Short Blades
 12628 | IceCv    | Entered an ice cave
 12939 | IceCv    | HP: 2/58 [something (10)]
 12949 | IceCv    | HP: 2/58 [blue devil (11)]
 13806 | D:14     | Noticed a centaur warrior
 13821 | D:14     | Noticed a four-headed hydra
 13829 | D:14     | Shot with an arrow by a centaur warrior

Vault maps used:
D:1:      lightli_arrival_flooded_house
D:3:      okawaru_ov_weapons_minmay, first_bread, fedhas_altar_2, uniq_iyjb
D:4:      grunt_temple_overflow_diamond, minmay_misc_feat_tiny,
          minmay_stone_trees_medium
D:5:      minmay_temple_entry_large_hall, enter_ossuary_5, portal_sewer_entry_e
D:7:      grunt_temple_overflow_open, the_bakery, uniq_duvessa, uniq_menkaure
D:9:      serial_shops, shop, grunt_ministairs_14
D:10:     serial_shops, nicolae_shop_statue_plus, kennysheep_windowed_goal
D:11:     grunt_lair_entry_elf_guard_hut, lemuel_another_geyser, uniq_grum,
          uniq_psyche
D:12:     zombieorc1_lemuel
D:13:     uniq_frances
D:14:     erik_vaults_2, portal_ice_cave_entry_ice_beasts,
          minmay_misc_feat_roman
Temple:   minmay_freezing_vapour_temple_12
Sewer:    sewer_co_purgy_island
Ossuary:  ossuary_tomb_1
IceCv:    ice_cave_small_demon

Action                   |  1- 3 |  4- 6 |  7- 9 | 10-12 || total
-------------------------+-------+-------+-------+-------++-------
Melee: Short sword       |    22 |       |       |    14 ||    36
       Dagger            |   148 |   266 |   367 |  1141 ||  1922
Invok: Bend Space        |       |       |       |     2 ||     2
 Abil: Breathe Fire      |       |       |       |     1 ||     1
Evoke: Wand              |       |       |       |    10 ||    10
  Use: Scroll            |     6 |     1 |     9 |    13 ||    29
       Potion            |     1 |     1 |    11 |    16 ||    29
 Stab: Sleeping          |     1 |     8 |    30 |    43 ||    82
       Distracted        |       |       |     1 |    13 ||    14
  Eat: Fruit             |       |     2 |     6 |     4 ||    12
       Pizza             |       |       |       |     5 ||     5
       Bread ration      |       |       |       |     2 ||     2
